 Dungeon Crawl Stone Soup version 0.29.1-15-g9cfb28693d (webtiles) character file.

Game seed: 16760394839639412621

2 Heoruswealwe the Digger (level 1, 10/10 HPs)
             Began as a Deep Elf Earth Elementalist on Mar 25, 2023.
             Was a Believer of Lugonu.
             Got out of the dungeon alive.
             The game lasted 00:00:59 (82 turns).

Heoruswealwe the Digger (Deep Elf Earth Elementalist) Turns: 82, Time: 00:01:00

Health: 10/10      AC:  2    Str:  5    XL:     1   Next: 33%
Magic:  6/6        EV: 12    Int: 19    God:    Lugonu [**....]
Gold:   9          SH:  0    Dex: 15    Spells: 5/6 levels left

rFire   . . .      SeeInvis .   (no weapon)
rCold   . . .      Faith    .   (no shield)
rNeg    . . .      Spirit   .   a - +0 robe
rPois   .          Reflect  .   (no helmet)
rElec   .          Harm     .   (no cloak)
rCorr   .          Rampage  .   (no gloves)
Will    .....                   (no boots)
Stlth   ++........              (no amulet)
HPRegen 0.03/turn               (no ring)
MPRegen 0.10/turn               (no ring)

@: no status effects
A: no striking features
a: Renounce Religion, Depart the Abyss, Bend Space


You escaped.
You worshipped Lugonu.
Lugonu was pleased with you.
You visited 1 branch of the dungeon, and saw 1 of its levels.

You collected 9 gold pieces.

Inventory:

Armour
 a - a +0 robe (worn)
Scrolls
 d - a scroll of teleportation {unknown}
Potions
 b - a potion of magic
 c - a potion of ambrosia {unknown}


   Skills:
 - Level 2.4 Dodging
 - Level 2.4 Stealth
 * Level 3.1 Spellcasting
 + Level 1.2 Transmutations
 * Level 3.3 Earth Magic


You had 5 spell levels left.
You knew the following spells:

 Your Spells              Type           Power      Damage    Failure   Level
a - Sandblast             Erth           30%        2d9       3%          1

Your spell library contained the following spells:

 Spells                   Type           Power      Damage    Failure   Level
 Passwall                 Tmut/Erth      9%         N/A       9%          2
 Stone Arrow              Conj/Erth      18%        3d8       22%         3
 Petrify                  Tmut/Erth      11%        N/A       52%         4


Dungeon Overview and Level Annotations

Branches:
Dungeon (1/15)

Altars:
Lugonu


Message History

You open the door.
There is an open door here.
Found a stone staircase leading down.
Found an escape hatch in the floor.
Found a stone staircase leading down.
Found a sedimented pink potion.
A rat comes into view.
A ball python comes into view.
Found 9 gold pieces.
A ball python comes into view.
You see here a sedimented pink potion.
You can't see any susceptible monsters within range! (Use Z to cast anyway.)
Found a scroll labelled AHOYNA JIUTH.
The ball python hisses angrily.
You can't see any susceptible monsters within range! (Use Z to cast anyway.)
The blast of sand hits the ball python!!
You kill the ball python!
The ball python hisses angrily.
The blast of sand hits the ball python.
You kill the ball python!
The blast of sand hits the rat!
You kill the rat!
c - a sedimented pink potion You now have 9 gold pieces.
Found a faded altar of an unknown god.
d - a scroll labelled AHOYNA JIUTH
There is a shaft here.
There is a faded altar of an unknown god here.
You cannot tell which god this altar belongs to.
Convert to them anyway?
Lugonu accepts your prayer! Lugonu welcomes you!
You can now depart the Abyss.
You can now bend space around yourself.
There is a shaft here.
There is a stone staircase leading down here.
Magic restored.
There is a stone staircase leading down here.
There is an open door here.
There is a staircase leading out of the dungeon here.
Are you sure you want to leave the Dungeon?
This will make you lose the game!
You have escaped!

#######
..#####.....########
#.......#...##.....#
#####...#.≈.##.....#
##.#.#.≈.##.....#
#....#.≈..'.....#
#...##.≈.##.....#
#..>##...##.....#
#...##...##..@..#
#....#.8.##.....#
####...##...########
........######
..>..........#
.............#
####...####>.#
#.........#
#...####.##


There were no monsters in sight!

Vanquished Creatures
  2 ball pythons (D:1)
  A rat (D:1)
3 creatures vanquished.

Notes
Turn   | Place    | Note
-------+----------+-------------------------------------------
     0 | D:1      | Heoruswealwe the Deep Elf Earth Elementalist began the
                  | quest for the Orb.
     0 | D:1      | Reached XP level 1. HP: 10/10 MP: 6/6
    42 | D:1      | Found a faded altar of an unknown god.
    47 | D:1      | Prayed at the altar of an unknown god.
    47 | D:1      | Became a worshipper of Lugonu the Unformed
    47 | D:1      | Reached * piety under Lugonu
    47 | D:1      | Reached ** piety under Lugonu
    82 | D:$      | Got out of the dungeon alive.

Illustrated notes

Levels and vault maps discovered:
D:1:      dpeg_arrival_rooms_c, layout_loops_cross,
          hellmonk_ecumenical_altar_leap_of_faith

Action                   || total
-------------------------++-------
 Cast: Sandblast         ||     3
